 Dungeon Crawl Stone Soup version 0.30-a0-986-g7f2e898f52 (webtiles) character file.

Game seed: 4903277524740237248

11830 tilp the Covert (level 11, -4/86 HPs)
             Began as a Vampire Enchanter on Apr 2, 2023.
             Was a Priest of Wu Jian.
             Slain by Snorg (7 damage)
             ... on level 11 of the Dungeon.
             The game lasted 00:26:05 (14118 turns).

tilp the Covert (Vampire Enchanter)                Turns: 14118, Time: 00:26:06

Health: -4/86      AC:  6    Str: 13    XL:     11   Next: 54%
Magic:  16/18      EV: 14    Int: 21    God:    Wu Jian [***...]
Gold:   186        SH:  5    Dex: 16    Spells: 9/20 levels left

rFire   + . .      SeeInvis +    a - +1 dagger (elec)
rCold   + . .      Faith    .    j - +0 buckler
rNeg    . . .      Spirit   .    Q - +2 robe {rC+ rF+}
rPois   .          Reflect  .    (no helmet)
rElec   .          Rampage  .    g - +0 cloak
rCorr   +                        h - +0 pair of gloves
Will    +....                    (no boots)
Stlth   +++++                    (no amulet)
HPRegen 0.54/turn                o - ring of resist corrosion
MPRegen 0.16/turn                v - +6 ring of strength

@: confusing by touch, healing quickly
A: alive, fangs 3, see invisible, vampiric 2
a: Exsanguinate, Renounce Religion, Wall Jump, Serpent's Lash


You were on level 11 of the Dungeon.
You worshipped Wu Jian.
Wu Jian was most pleased with you.
You visited 2 branches of the dungeon, and saw 12 of its levels.
You also visited: Sewer.

You collected 459 gold pieces.
You spent 273 gold pieces at shops.

Inventory:

Hand Weapons
 a - a +1 dagger of electrocution (weapon)
 b - a +7 long sword of freezing
 N - a +3 scimitar
 R - a +0 scimitar of flaming
 V - a +1 dagger of protection
 W - a +2 antimagic dagger
Missiles
 f - 78 stones (quivered)
 q - 2 throwing nets {!f}
 t - 3 silver javelins
 u - 5 datura-tipped darts
 C - 10 poisoned darts
 H - 7 curare-tipped darts
Armour
 g - a +0 cloak (worn)
 h - a +0 pair of gloves (worn)
 j - a +0 buckler (worn)
 z - the +7 chain mail "Ficudeek" {Int+3 Dex+2 SInv Stlth-}
   (You found it on level 5 of the Dungeon)

   Int:       It affects your intelligence (+3).
   Dex:       It affects your dexterity (+2).
   SInv:      It lets you see invisible.
   Stlth:     It makes you less stealthy.
 M - a +2 leather armour of fire resistance
 Q - a +2 robe of resistance (worn)
 U - a +0 troll leather armour
Magical Staves
 I - a staff of conjuration
 J - a staff of cold
Jewellery
 o - a ring of resist corrosion (left hand)
 v - a +6 ring of strength (right hand)
 x - the amulet "Aliallu" {RegenMP Rampage}
   (You found it on level 6 of the Dungeon)

   [amulet of magic regeneration]

   It increases your rate of magic regeneration.
   Rampage:   It bestows one free step when moving towards enemies.
 L - a ring of willpower
Wands
 d - a wand of acid (4)
 n - a wand of charming (4)
 y - a wand of polymorph (15)
 K - a wand of roots (13)
 S - a wand of digging (4)
 T - a wand of mindburst (3)
Scrolls
 c - 5 scrolls of teleportation
 k - 2 scrolls of poison
 p - 6 scrolls of identify
 s - a scroll of fog
 w - a scroll of brand weapon
 E - 2 scrolls of amnesia
 F - a scroll of blinking
 G - a scroll of enchant weapon
Potions
 e - 6 potions of mutation
 i - 5 potions of cancellation
 l - 2 potions of brilliance
 m - 2 potions of might
 r - 2 potions of curing
 A - 2 potions of invisibility
 B - a potion of attraction
 D - a potion of lignification
 O - 3 potions of ambrosia
 P - a potion of magic


   Skills:
 * Level 8.2 Fighting
 - Level 10.0 Short Blades
 + Level 6.2 Dodging
 + Level 12.2 Stealth
 + Level 2.3 Shields
 + Level 5.1 Spellcasting
 + Level 10.1 Hexes
 + Level 4.2 Evocations


You had 9 spell levels left.
You knew the following spells:

 Your Spells              Type           Power      Damage    Failure   Level
a - Ensorcelled Hibernat  Hex/Ice        52%        N/A       2%          2
b - Confusing Touch       Hex            48%        N/A       1%          3
c - Tukima's Dance        Hex            48%        N/A       1%          3
d - Dazzling Flash        Conj/Hex       52%        N/A       5%          3

Your spell library contained the following spells:

 Spells                   Type           Power      Damage    Failure   Level
 Portal Projectile        Hex/Tloc       52%        N/A       5%          3
 Apportation              Tloc           10%        N/A       14%         1
 Magic Dart               Conj           20%        1d4       14%         1
 Necrotise                Necr           20%        1d5       14%         1
 Shock                    Conj/Air       20%        1d4       14%         1
 Summon Small Mammal      Summ           20%        N/A       14%         1
 Anguish                  Hex/Necr       13%        N/A       17%         4
 Momentum Strike          Conj/Tloc      10%        3d8       22%         2
 Gell's Gravitas          Tloc           5%         N/A       38%         3
 Swiftness                Air            5%         N/A       38%         3
 Teleport Other           Tloc           5%         N/A       38%         3
 Silence                  Hex/Air        13%        N/A       43%         5
 Airstrike                Air            2%         2d(1-17)  80%         4
 Flame Wave               Conj/Fire      5%         2d5       80%         4
 Enfeeble                 Hex            24%        N/A       88%         7
 Agony                    Necr           5%         N/A       98%         5
 Blade Hands              Tmut           2%         N/A       98%         5
 Dispersal                Tloc           2%         N/A       100%        6


Dungeon Overview and Level Annotations

Branches:
Dungeon (11/15)            Temple (1/1) D:5            Lair (0/5) D:9
  Sewer (visited)
    Orc: D:9-12

Altars:
Ashenzari
Cheibriados
Dithmenos
Fedhas
Gozag
Hepliaklqana
Kikubaaqudgha
Makhleb
Nemelex Xobeh
Okawaru
Qazlal
Ru
Sif Muna
Trog
Uskayaw
Vehumet
Wu Jian
Xom
Yredelemnul

Shops:
D:4 *   D:6 !   D:7 (   D:8 [**=*

Annotations:
D:8 exclusion: ice statue
D:11 Snorg


Innate Abilities, Weirdness & Mutations

Your natural rate of healing is accelerated.
You have razor-sharp teeth.
You have supernaturally acute eyesight. (SInv)
You are afflicted with vampirism and can become a bat while bloodless.


Message History

Snorg is lightly wounded.
You block Snorg's attack. Snorg claws you!! Snorg claws you but does no damage.
You hit Snorg but do no damage. You bite Snorg.
Snorg is lightly wounded.
Snorg misses you. Snorg claws you! Snorg claws you.
You completely miss Snorg.
Snorg is lightly wounded.
Snorg bites you but does no damage. Snorg closely misses you. Snorg claws you!
You hit Snorg but do no damage.
Snorg is lightly wounded.
You block Snorg's attack. Snorg claws you!
* * * LOW HITPOINT WARNING * * *
Snorg claws you but does no damage.
Unknown command.
You hit Snorg but do no damage. You bite Snorg.
Snorg is lightly wounded.
Snorg barely misses you. Snorg misses you. x2
You hit Snorg but do no damage. You bite Snorg.
Snorg is lightly wounded.
You barely miss Snorg.
Snorg is lightly wounded.
Snorg barely misses you. Snorg claws you but does no damage. Snorg claws you!
* * * LOW HITPOINT WARNING * * *
You hit Snorg but do no damage.
Snorg is lightly wounded.
Snorg bites you but does no damage. Snorg claws you!
* * * LOW HITPOINT WARNING * * *
You block Snorg's attack.
Unknown command.
You hit Snorg but do no damage. Your bite misses Snorg.
Snorg is lightly wounded.
Snorg misses you. Snorg claws you!
* * * LOW HITPOINT WARNING * * *
Snorg misses you.
Unknown command.
Aiming: Charm
Press: ? - help, Shift-Dir - straight line, f - Snorg
Aim: Snorg (lightly wounded, berserk, chance to confuse on hit: 36%, chance to affect: 25%) Snorg resists with almost no effort.
Snorg closely misses you. Snorg claws you!
You die...

######### ####.......#
##....#####.#
##........##.##########
........#.##.##.@T....#
##........##)##.#####.#
##.......))รท##.#####.#
####.##...........#.#
#.########.###.#.# #.#
#.# #.#.# ##'##
#.###.#.## ##...##
#........# ##.....##
#####.##.#


You could see Snorg (berserk).

Vanquished Creatures
  Erica (D:9)
  Pikel (D:7)
  2 manticores
  Joseph (D:7)
  Maurice (D:9)
  A gargoyle (D:11)
  2 trolls
  A wraith (D:10)
  13 yaks
  4 wyverns
  4 vampire mosquitoes
  An acid dragon (D:11)
  A water moccasin (D:7)
  Pargi (Sewer)
  An ice beast (D:7)
  2 sky beasts
  A black bear (D:8)
  An ogre (D:2)
  3 orc warriors
  7 centaurs
  A phantom (D:5)
  5 scorpions
  A bullfrog (D:6)
  10 wights
  15 killer bees
  7 howler monkeys
  5 electric eels (D:10)
  A hound (D:7)
  3 orc priests
  2 gnoll boudas
  6 orc wizards
  3 iguanas
  11 gnolls
  8 adders
  2 white imps
  An ufetubus (D:7)
  3 worms
  3 dart slugs (D:3)
  32 orcs
  4 endoplasms
  2 goblins (D:1)
  5 hobgoblins
  25 jackals
  6 kobolds
  2 quokkas (D:2)
  3 ball pythons
  11 bats
  4 frilled lizards
  3 rats
233 creatures vanquished.

Vanquished Creatures (collateral kills)
  A two-headed ogre (D:8)
  A yak (D:11)
  A centaur (D:9)
  11 wights
  2 orcs
16 creatures vanquished.

Vanquished Creatures (others)
  A yak (D:11)
  9 dancing weapons
  An acid dragon (D:7)
  An orc priest (D:6)
  4 fungi (D:9)
  7 plants (D:9)
23 creatures vanquished.

Grand Total: 272 creatures vanquished

Notes
Turn   | Place    | Note
-------+----------+-------------------------------------------
     0 | D:1      | tilp the Vampire Enchanter began the quest for the Orb.
     0 | D:1      | Reached XP level 1. HP: 13/13 MP: 3/3
    89 | D:1      | Reached XP level 2. HP: 7/20 MP: 5/5
   135 | D:1      | Learned a level 2 spell: Ensorcelled Hibernation
   349 | D:1      | Reached skill level 1 in Fighting
   927 | D:2      | Noticed an ogre
  1163 | D:1      | Gained mutation: You are afflicted with vampirism and can
                  | become a bat while bloodless. [Vampire growth]
  1163 | D:1      | Reached XP level 3. HP: 12/26 MP: 4/6
  1444 | D:2      | Killed an ogre
  1445 | D:2      | Reached skill level 5 in Stealth
  1445 | D:2      | Reached skill level 5 in Hexes
  1445 | D:2      | Reached XP level 4. HP: 33/33 MP: 5/7
  1497 | D:2      | Reached XP level 5. HP: 29/38 MP: 1/8
  1630 | D:2      | Learned a level 3 spell: Confusing Touch
  1634 | D:2      | Learned a level 3 spell: Tukima's Dance
  3935 | D:3      | Found a hide-covered altar of Uskayaw.
  3935 | D:3      | Noticed a +0 hand axe
  3935 | D:3      | Noticed a +0 dagger
  4240 | D:4      | Found a glowing drain.
  4305 | Sewer    | Entered a sewer
  4381 | Sewer    | Noticed Pargi
  4383 | Sewer    | Killed Pargi
  4384 | Sewer    | Reached XP level 6. HP: 46/46 MP: 8/10
  4563 | D:4      | Reached skill level 6 in Stealth
  4918 | D:4      | Found Tieno's General Store.
  4922 | D:4      | Bought a scroll of identify for 22 gold pieces
  4922 | D:4      | Bought a potion of curing for 33 gold pieces
  4922 | D:4      | Bought a scroll of fog for 44 gold pieces
  4922 | D:4      | Bought a potion of might for 44 gold pieces
  5080 | D:5      | Entered Level 5 of the Dungeon
  5133 | D:5      | Reached skill level 1 in Shields
  5133 | D:5      | Reached XP level 7. HP: 51/52 MP: 5/11
  5189 | D:5      | Reached skill level 1 in Evocations
  5202 | D:5      | Found a stormy altar of Qazlal.
  5375 | D:5      | Learned a level 3 spell: Dazzling Flash
  5456 | D:5      | Found a staircase to the Ecumenical Temple.
  5597 | Temple   | Entered the Ecumenical Temple
  5779 | Temple   | Became a worshipper of the Wu Jian Council
  5804 | D:5      | Identified the +7 chain mail "Ficudeek" {Int+3 Dex+2 SInv
                  | Stlth-}
  6468 | D:5      | Identified a scroll of acquirement
  6468 | D:5      | Acquired the Anthology of Unlucky Conjuration
  6910 | D:6      | Reached skill level 5 in Short Blades
  6910 | D:6      | Found Diwel's Distillery.
  6932 | D:6      | Reached XP level 8. HP: 14/60 MP: 1/12
  6977 | D:6      | Reached skill level 7 in Stealth
  7100 | D:6      | Bought a potion of attraction for 33 gold pieces
  7100 | D:6      | Bought a potion of degeneration for 11 gold pieces
  7100 | D:6      | Bought a potion of lignification for 33 gold pieces
  7237 | D:6      | Identified the amulet "Aliallu" {RegenMP Rampage}
  7296 | D:6      | Found a sacrificial altar of Ru.
  7296 | D:6      | Found an iron altar of Okawaru.
  7541 | D:7      | Noticed Joseph
  7572 | D:7      | Reached * piety under Wu Jian
  7593 | D:7      | Killed Joseph
  7594 | D:7      | Reached skill level 8 in Stealth
  7979 | D:7      | Reached XP level 9. HP: 66/66 MP: 9/13
  8005 | D:7      | Noticed Pikel
  8018 | D:7      | Killed Pikel
  8084 | D:7      | Found a radiant altar of Vehumet.
  8106 | D:7      | Found Qahesoen's Antique Weapon Shoppe.
  8414 | D:7      | Reached skill level 5 in Fighting
  8485 | D:8      | Found Pohuir's Assorted Antiques.
  8508 | D:8      | Bought a scroll labelled WAWO IRAIRYA for 22 gold pieces
  8596 | D:8      | Found Cigaxawo's Assorted Antiques.
  8601 | D:8      | Bought a scroll labelled FAPHIA NUWUXZABB for 31 gold
                  | pieces
  8649 | D:8      | Reached skill level 5 in Dodging
  8758 | D:8      | Reached skill level 9 in Stealth
  9066 | D:8      | Reached ** piety under Wu Jian
  9160 | D:8      | Found Heproziu's General Store.
  9160 | D:8      | Found Dymossui's Jewellery Shop.
  9401 | D:8      | Noticed an ice devil
  9402 | D:8      | Noticed an ice devil
  9403 | D:8      | Noticed an ice devil
  9403 | D:8      | Noticed an ice devil
  9404 | D:8      | Noticed an ice statue
  9404 | D:8      | Noticed an ice devil
  9434 | D:8      | Noticed an ice devil
  9434 | D:8      | Noticed an ice devil
  9490 | D:8      | Found Daffipub's Armour Emporium.
  9878 | D:8      | Noticed a two-headed ogre
  9890 | D:8      | Killed a two-headed ogre
  9891 | D:8      | Reached XP level 10. HP: 59/76 MP: 0/16
 10085 | D:8      | Noticed a manticore
 10101 | D:8      | Killed a manticore
 10871 | D:9      | Noticed Maurice
 10890 | D:9      | Killed Maurice
 11211 | D:9      | Reached skill level 10 in Stealth
 11281 | D:9      | Found a staircase to the Lair.
 11323 | D:9      | Noticed Erica
 11349 | D:9      | Killed Erica
 11350 | D:9      | Reached skill level 10 in Hexes
 11591 | D:10     | Entered Level 10 of the Dungeon
 11621 | D:9      | Reached skill level 5 in Spellcasting
 11878 | D:10     | Reached XP level 11. HP: 84/84 MP: 18/18
 12096 | D:10     | Reached *** piety under Wu Jian
 12136 | D:10     | HP: 4/84 [killer bee (7)]
 12545 | D:10     | Reached skill level 11 in Stealth
 13151 | D:11     | Reached skill level 10 in Short Blades
 13568 | D:11     | Reached skill level 12 in Stealth
 14104 | D:11     | Noticed Snorg
 14117 | D:11     | HP: 3/86 [Snorg (9)]
 14118 | D:11     | Slain by Snorg

Illustrated notes

Levels and vault maps discovered:
D:1:      dpeg_arrival_line_fractal, layout_loops_ring, minmay_cut_off
D:2:      layout_basic
D:3:      minmay_angry_zag, layout_basic, dancing_weapons_uskayaw
D:4:      layout_basic, serial_shops, shop, cheibrodos_sewer_entry_drain,
          minmay_misc_feat_plants
D:5:      layout_cave_pools, nicolae_qazlal_scattered_showers,
          nicolae_elyvilon_peaceful_grove, minmay_temple_entry_stoned_glass,
          corexii_hall_statues_l, minmay_crystal_room
D:6:      layout_loops_ring, nicolae_overflow_two_pavilions,
          dreamdust_princess_corridor, minmay_shop_grid_forest,
          hangedman_decor_peaks_small
D:7:      layout_loops_ring, kennysheep_little_box, serial_shops, shop,
          uniq_joseph, uniq_pikel
D:8:      cheibrodos_frozen_isle, layout_loops_corners, serial_shops, shop,
          nicolae_stop_n_shop_1, nicolae_shop_hallway_stairs,
          nicolae_shop_competitors_out_of_business, shop
D:9:      layout_rooms, dpeg_oklobed_lair, uniq_maurice, uniq_erica
D:10:     layout_basic, kennysheep_boxes
D:11:     layout_loops_corners, serial_rivers, chequers_serial_rivers_micro_c,
          chequers_serial_rivers_micro_e, chequers_serial_rivers_micro_b,
          chequers_serial_rivers_small_b, chequers_serial_rivers_micro_a,
          uniq_snorg
Temple:   eino_temple_rhombus

Skill      XL: |  1  2  3  4  5  6  7  8  9 10 11 |
---------------+----------------------------------+-----
Fighting       | 1 2 3 4 5 7 8 |  8.2
Short Blades   | 2 3 4 5 6 7 9 10 | 10.0
Stealth        | 5 6 8 9 10 12 | 12.2
Hexes          | 5 6 8 9 10 | 10.1
Dodging        | 3 5 6 |  6.2
Shields        | 1 2 |  2.3
Spellcasting   | 3 4 5 |  5.1
Evocations     | 1 2 3 4 |  4.2

Action                     |  1- 3 |  4- 6 |  7- 9 | 10-12 || total
---------------------------+-------+-------+-------+-------++-------
  Melee: Dagger            |   105 |   160 |   307 |   354 ||   926
         Bite              |    10 |    17 |    45 |    47 ||   119
         Punch             |     2 |     2 |       |       ||     4
  Throw: Dart              |       |       |       |     4 ||     4
   Cast: Ensorcelled Hiber |     8 |    56 |    62 |    55 ||   181
         Confusing Touch   |       |     2 |    12 |    14 ||    28
         Dazzling Flash    |       |       |     4 |    18 ||    22
         Tukima's Dance    |       |       |    20 |    12 ||    32
Ability: Lunge             |       |       |    29 |    17 ||    46
         Whirlwind         |       |       |     5 |     8 ||    13
  Evoke: Wand              |       |       |     5 |     4 ||     9
    Use: Scroll            |     4 |     6 |     7 |     3 ||    20
         Potion            |     3 |       |       |     3 ||     6
   Stab: Sleeping          |     4 |    47 |    48 |    30 ||   129
         Invisible         |     3 |       |     1 |    14 ||    18
         Confused          |       |     1 |     9 |    13 ||    23
         Distracted        |       |       |     1 |       ||     1
 Armour: Robe              |    20 |    26 |    44 |    81 ||   171
         Leather armour    |       |       |     1 |    51 ||    52
  Dodge: Dodged            |    63 |    96 |   156 |   284 ||   599
  Block: Buckler           |       |    12 |    48 |    75 ||   135

Table legend: (Time is in decaauts)
 A = Elapsed time spent in this place.
 B = Non-inter-level travel time spent in this place.
 C = Inter-level travel time spent in this place.
 D = Time resting spent in this place.
 E = Time spent auto-exploring this place.
 F = Levels seen in this place.
 G = Mean time per level.
                   A        B        C        D        E       F      G
               +--------+--------+--------+--------+--------+-----+--------+
         Total |  13901 |  13119 |    782 |   1231 |   9508 |  13 | 1069.3 |
       Dungeon |  13573 |  12821 |    752 |   1231 |   9358 |  11 | 1233.9 |
        Temple |    193 |    163 |     30 |      0 |    150 |   1 |  193.0 |
         Sewer |    134 |    134 |      0 |      0 |      0 |   1 |  134.0 |
               +--------+--------+--------+--------+--------+-----+--------+

Top non-repeatable levels by time:
     D:8: 2041 daAuts
     D:3: 1773 daAuts
    D:10: 1400 daAuts
     D:2: 1304 daAuts
     D:1: 1116 daAuts
     D:5: 1096 daAuts
     D:9: 1054 daAuts
     D:7: 1034 daAuts
    D:11: 975 daAuts
     D:6: 932 daAuts
     D:4: 843 daAuts
  Temple: 193 daAuts
   Sewer: 134 daAuts
